[Event "FIDE World School-ch G-17 2025"]
[Site "Vrnjacka Banja"]
[Date "2025.03.21"]
[Round "2.1"]
[White "Kirtadze, Anastasia"]
[Black "Orazalina, Nursulu"]
[Result "0-1"]
[Annotator "TA"]
[ECO "B30"]
[WhiteElo "2180"]
[BlackElo "1895"]
[PlyCount "130"]
[EventDate "2025.03.19"]
[EventType "swiss"]
[EventCountry "SRB"]
[SourceTitle "playchess.com"]
[Source "ChessBase"]
[SourceQuality "1"]
[TimeControl "5400+30"]

1. e4 c5 2. Nf3 Nc6 3. Bb5 e5 4. O-O Bd6 5. c3 a6 6. Ba4 {[%emt 0:02:44] B30: Sicilian: 2...Nc6 3 Bb5, lines without ...g6.} b5 7. Bc2 Nge7 8. h3 {[%emt 0:02:53] White is slightly better.} Bb7 9. Re1 $146 ({Predecessor:} 9. d4 cxd4 10. cxd4 Nxd4 11. Nxd4 exd4 12. Qxd4 Qc7 13. Bb3 Bh2+ 14. Kh1 Be5 15. Qd3 {0-1 Shuvalova,P (2510)-Abdumalik,Z (2503) Astana GP (Women) 2022 (6)}) 9... O-O 10. d4 cxd4 $1 11. cxd4 Nxd4 12. Nxd4 exd4 13. e5 {[%emt 0:07:00] White sacrificed a pawn} (13. Qxd4 $11 Qc7 14. Qd3) 13... Bc5 14. Bg5 Qb6 $1 15. Qd3 (15. Bxe7 $142 Bxe7 16. Qd3) 15... Ng6 $17 16. a3 (16. Qg3 $17) 16... a5 (16... Rae8 $19 17. Nd2 h6 (17... Nxe5 18. Qxh7#)) 17. h4 Rfe8 (17... Qc6 $17 18. Qg3 Rae8) 18. h5 {[%emt 0:01:21] [#]} Qc6 19. f3 Nf8 $40 {[%emt 0:00:00][%mdl 128] White is in trouble.} (19... Nxe5 20. Qxh7+ Kf8 21. Qh8#) (19... Rxe5 $2 20. Rxe5 Qc7 21. Rf5 $18 (21. hxg6 Qxe5 22. gxh7+ Kh8 $18)) 20. Nd2 d6 21. h6 dxe5 22. hxg7 Kxg7 23. Ne4 Be7 {[%emt 0:01:59] Repels Nf6} 24. Rac1 Bxg5 $1 25. Nxg5 Qh6 (25... Qd7 $17 26. Bb1 Ng6) 26. Qf5 (26. Nxf7 $1 $11 Qf6 (26... Kxf7 27. Bb3+ Kf6 28. Rc7 $11) 27. Bb3) 26... f6 27. Bb1 $2 Qxg5 $2 (27... Rac8 $1 $19 28. f4 fxg5 29. fxe5 Ne6 30. Qf6+ Qxf6 31. exf6+ Kxf6 32. Rf1+ Kg7 33. Rxc8 Bxc8 (33... Rxc8 $2 34. Bf5 $19)) 28. Rc7+ $11 Kg8 29. Qh3 {[%emt 0:00:52] [#]} (29. Qxg5+ $11 {and White is okay.} fxg5 30. Rxb7) 29... h6 $2 30. Rxb7 $15 Rac8 31. Bd3 (31. Qf5 $15 {was preferable.}) 31... Rc1 (31... Ne6 $17 {aiming for ...Nf4.} 32. Qf5 Rc7 33. Rxc7 Qxf5 34. Bxf5 Nxc7) 32. Rxc1 $1 $11 Qxc1+ 33. Bf1 {[%emt 0:00:06] and Qh5 should not be overlooked} Qe3+ (33... Qxb2 34. Qg4+ (34. Rxb5 Qd2 $17)) 34. Kh1 Qg5 {[%emt 0:00:42] Prevents Qh5.} 35. Bxb5 Rd8 36. Bd3 Rd5 $2 {[%emt 0:00:34][%mdl 8192] Black is weak on the light squares} (36... a4 $15) 37. Rc7 $2 (37. Bc4 $18) 37... Rd8 (37... Rd7 $5 38. Bc4+ (38. Rxd7 Qc1+ 39. Kh2 Qf4+ 40. Kg1 Qe3+ 41. Kh2 Qf4+ 42. Kg1 Qe3+ 43. Kh2 Qf4+ $11) 38... Kh8 $16) 38. b4 axb4 39. axb4 Ng6 $2 (39... f5 $11 {and Black stays safe.}) 40. Qe6+ $18 Kh8 {[%emt 0:00:05][%cal Og5g2] [#]} 41. g3 (41. Qf7 $1 $18 Nf8 42. g3) 41... Rf8 $2 (41... Ra8 $11 42. Bf1 Nf8) 42. b5 $2 (42. Qd7 {mates} Qh5+ 43. Kg1 Ne7 44. Qxe7 Qf7 45. Qxf7 Rxf7 46. Rxf7 Kg8 47. Rc7 (47. Rxf6 Kh8 48. Rxh6+ Kg7 49. Rh7+ Kf6 50. b5 e4 51. fxe4 Kg6 52. e5+ Kg5)) 42... Qxg3 $11 43. Qf5 $2 (43. Bxg6 $11 Qxg6 44. b6) 43... e4 44. Qd7 $2 (44. Bxe4 Qxc7 45. Qxg6) 44... Qxf3+ $2 (44... exd3 45. Qh7#) (44... Qh4+ 45. Kg1 Ne7 (45... exd3 46. Qh7#) (45... Qg3+ $2 46. Kf1 $19) 46. Bxe4 Qe1+ 47. Kh2 Rg8) 45. Kg1 $19 Ne7 (45... Qxd3 46. Qh7#) 46. Bc4 {[%emt 0:00:01] Repels Rg8+} Qg3+ 47. Kf1 $2 {[%emt 0:00:32] [#]} (47. Kh1 $19 Ra8 48. Ra7 Qh4+ 49. Kg2 Qg5+ 50. Kh1 Rxa7 51. Qxa7 Qc1+ 52. Kg2 Qc2+ (52... Qxc4 $2 53. Qxe7 Qe2+ 54. Kg1 $19) 53. Kg1 Qd1+ (53... Qxc4 $2 54. Qxe7 Qc1+ 55. Kg2 $19) 54. Kg2 Qg4+ 55. Kf1 Qd1+ 56. Kg2) 47... e3 $1 48. Ke2 Qf2+ (48... Qg2+ $142 49. Kd3 Qd2+ 50. Ke4 e2 51. Qxe7 e1=Q+ (51... e1=R+ $2 52. Kd5 $19) 52. Kd5 Qg5+ 53. Kc6 Qxe7 54. Rxe7 Qc1 55. Kd7 Qxc4 56. Kd6 d3 (56... Qxb5 57. Ra7 d3 58. Ke6 d2 59. Ra1 Qe5+ 60. Kd7 Qd5+ 61. Kc7 Rf7+ 62. Kc8 Qd7+ 63. Kb8 Rf8#) 57. Re1 Qd4+ (57... Qxb5 58. Rh1 Qe5+ 59. Kc6 Rc8+ 60. Kb6 Qc7+ 61. Ka6 Ra8+ 62. Kb5 Rb8+ 63. Ka6 Qb6#) 58. Ke7 Qc5+ 59. Ke6 Re8+ (59... Qxb5 60. Kd6 Rd8+ 61. Ke7 Re8+ 62. Kd6 Rxe1 63. Kc7 d2 64. Kd8 d1=Q+ 65. Kc8 Qdd7#) 60. Kf7 Qf8+ (60... Rxe1 $2 61. Kxf6 Qg5+ 62. Kf7 Qg7#) 61. Kg6 Qg7+ 62. Kh5 Qg5#) 49. Kd3 Qf5+ $2 (49... Qd2+ $19 50. Ke4 e2 51. Qxe7 e1=Q+ (51... e1=R+ $2 52. Kd5 $19) 52. Kd5 Qg5+ 53. Kc6 Qxe7 54. Rxe7 Qc1) 50. Kxd4 $11 Qe5+ 51. Kd3 Qf5+ 52. Kxe3 Qg5+ 53. Kd3 {[%emt 0:00:39][%mdl 1024] White has compensation.} Qg3+ 54. Kc2 Qf2+ 55. Kb3 (55. Qd2 {simplifies} Qxd2+ 56. Kxd2 Nc8 57. Kc3) 55... Qe3+ {[%emt 0:00:30] [#]} ({Black should play} 55... Qg3+ $14 56. Kc2 Qh2+ 57. Qd2 Qxd2+ 58. Kxd2 Nc8) 56. Kb4 $2 (56. Bd3 $1 $18) 56... Ra8 57. Bd3 (57. Qxe7 $2 Qa3#) 57... Qe1+ 58. Kc5 Qc3+ 59. Bc4 Qe5+ 60. Kb6 $2 (60. Bd5 $11 Qc3+ 61. Bc4 Qa3+ 62. Kd4 Qb2+ 63. Kc5 Qe5+ 64. Kb4) 60... Qe3+ $19 61. Rc5 Rb8+ 62. Ka7 Rc8 ({Less strong is} 62... Qxc5+ 63. Kxb8 Qxc4 64. Qe8+ Ng8 65. b6 $15) 63. b6 Qxc5 {[%emt 0:00:16] Black mates.} ({Not} 63... Rxc5 64. Qe8+ Kg7 65. Qf7+ Kh8 66. Qxf6+ Kh7 67. Qf7+ Kh8 68. Qf8+ Kh7 69. Bd3+ $16) 64. Qe6 Nc6+ 65. Ka6 Qa5+ {[%emt 0:00:12] Both players deserved the win here.   Weighted Error Value: White=0.86/Black=0.74  Loses game:     	White=3     	Black=4      Missed win:     	White=4     	Black=2      Mistake:       	White=7     	Black=5      Inaccurate:     	White=2     	Black=1      OK:         	White=14    	Black=10     Best:        	White=6     	Black=5      Strong:       	White=1     	Black=3} 0-1

[Event "FIDE World School-ch G-17 2025"]
[Site "Vrnjacka Banja"]
[Date "2025.03.21"]
[Round "2.2"]
[White "Jankovic, Tamara"]
[Black "Altynbek, Aiaru"]
[Result "0-1"]
[Annotator "NA RC"]
[ECO "B11"]
[WhiteElo "1900"]
[BlackElo "2005"]
[PlyCount "100"]
[EventDate "2025.03.19"]
[EventType "swiss"]
[EventCountry "SRB"]
[SourceTitle "playchess.com"]
[Source "ChessBase"]
[SourceQuality "1"]
[TimeControl "5400+30"]

1. e4 c6 2. Nf3 d5 3. Nc3 Bg4 4. h3 Bxf3 5. Qxf3 e6 6. Be2 Bc5 7. Qg3 Bd4 8. O-O Nd7 9. exd5 exd5 10. Bg4 Ne7 11. Re1 O-O 12. Ne2 Be5 13. f4 Bf6 14. d3 Re8 15. Be3 Nf8 16. Nd4 c5 17. Nf3 Bxb2 18. Rab1 Bc3 19. Bd2 Bxd2 20. Nxd2 Qc7 21. Qf2 Rab8 22. Re2 Neg6 23. g3 Rxe2 24. Qxe2 Nd7 25. Bf3 Nf6 26. Qg2 Qe7 27. Qe2 Qd6 28. Qf2 h5 29. Nb3 b6 30. Kg2 h4 31. f5 Ne5 32. g4 Nxf3 33. Qxf3 Re8 34. Qf2 d4 35. Re1 Rxe1 36. Qxe1 Nd5 37. Qe8+ Kh7 38. Qe1 Ne3+ 39. Kg1 Qg3+ 40. Qxg3 hxg3 41. a4 Nxc2 42. Kg2 Ne1+ 43. Kxg3 Nxd3 44. Kf3 Kg8 45. h4 a5 46. Ke4 Nb2 47. Kd5 Nxa4 48. Kc6 d3 49. Kb5 Nb2 50. Kxb6 c4 0-1

[Event "FIDE World School-ch G-17 2025"]
[Site "Vrnjacka Banja"]
[Date "2025.03.21"]
[Round "2.3"]
[White "Maslova, Anastasiya Yar"]
[Black "Vojinovic, Anastasija"]
[Result "1-0"]
[Annotator "NA RC"]
[ECO "B95"]
[WhiteElo "1938"]
[BlackElo "1857"]
[PlyCount "65"]
[EventDate "2025.03.19"]
[EventType "swiss"]
[EventCountry "SRB"]
[SourceTitle "playchess.com"]
[Source "ChessBase"]
[SourceQuality "1"]
[TimeControl "5400+30"]

1. e4 c5 2. Nf3 d6 3. d4 cxd4 4. Nxd4 Nf6 5. Nc3 a6 6. Bg5 e6 7. Qe2 Be7 8. h4 Nc6 9. Nb3 b5 10. a3 Rb8 11. O-O-O b4 12. axb4 Rxb4 13. Bd2 Rb8 14. g4 Na5 15. Nxa5 Qxa5 16. Nb1 Qa1 17. Bc3 O-O 18. Bg2 Nd7 19. Rh3 Nc5 20. Bd4 Qa5 21. e5 d5 22. g5 Na4 23. Bf1 Bc5 24. Qd2 Rb4 25. Rb3 Qc7 26. Rxb4 Bxb4 27. Qxb4 Bd7 28. Qd6 Qb7 29. Bxa6 Qa8 30. b3 Bc6 31. Bd3 Rd8 32. Qa3 Nb6 33. Bxb6 1-0

[Event "FIDE World School-ch G-17 2025"]
[Site "Vrnjacka Banja"]
[Date "2025.03.21"]
[Round "2.4"]
[White "Wang, Chloe Heather"]
[Black "Seyhan, Pelin"]
[Result "1/2-1/2"]
[Annotator "NA RC"]
[ECO "B70"]
[WhiteElo "1892"]
[BlackElo "1924"]
[PlyCount "76"]
[EventDate "2025.03.19"]
[EventType "swiss"]
[EventCountry "SRB"]
[SourceTitle "playchess.com"]
[Source "ChessBase"]
[SourceQuality "1"]
[TimeControl "5400+30"]

1. e4 c5 2. Nf3 d6 3. d4 cxd4 4. Nxd4 Nf6 5. Nc3 g6 6. f3 Nc6 7. Be3 h5 8. Qd2 Nxd4 9. Bxd4 Bh6 10. Qf2 O-O 11. Bxf6 exf6 12. Rd1 Be6 13. Be2 Qa5 14. a3 Rfd8 15. O-O d5 16. exd5 Bxd5 17. Nxd5 Rxd5 18. Bc4 Rxd1 19. Rxd1 Qe5 20. Qe2 Be3+ 21. Kh1 Re8 22. Qd3 f5 23. Qd5 Qxd5 24. Bxd5 b6 25. g3 Kg7 26. Re1 g5 27. Kg2 Re5 28. c4 Kf6 29. b4 b5 30. f4 gxf4 31. gxf4 Bxf4 32. Rxe5 Kxe5 33. Bxf7 bxc4 34. Bxc4 Bc1 35. a4 Kd4 36. Be6 f4 37. Bf7 h4 38. Bh5 Ke3 1/2-1/2

[Event "FIDE World School-ch G-17 2025"]
[Site "Vrnjacka Banja"]
[Date "2025.03.21"]
[Round "2.5"]
[White "Buyankhishig, Batpelden"]
[Black "Newansa, M Esandi"]
[Result "1-0"]
[Annotator "NA RC"]
[ECO "D12"]
[WhiteElo "1907"]
[BlackElo "1801"]
[PlyCount "107"]
[EventDate "2025.03.19"]
[EventType "swiss"]
[EventCountry "SRB"]
[SourceTitle "playchess.com"]
[Source "ChessBase"]
[SourceQuality "1"]
[TimeControl "5400+30"]

1. d4 d5 2. c4 c6 3. Nf3 Nf6 4. e3 Bf5 5. Nc3 e6 6. Nh4 Bg4 7. Qb3 Qb6 8. h3 Bh5 9. g4 Bg6 10. c5 Qc7 11. Nxg6 hxg6 12. Bg2 Nbd7 13. f4 b6 14. cxb6 Qxb6 15. Qxb6 axb6 16. Bd2 b5 17. g5 Ng8 18. Ne2 Nb6 19. b3 Ba3 20. Nc1 Ne7 21. Nd3 Nf5 22. Kf2 f6 23. Rhe1 Kf7 24. Bb4 Nd7 25. Bxa3 Rxa3 26. Rec1 Rha8 27. Nb4 Nb8 28. Bf3 Ne7 29. Bg4 R8a7 30. h4 Nf5 31. Bxf5 exf5 32. Kf3 Ke7 33. Nxc6+ Nxc6 34. Rxc6 Rxa2 35. Rxa2 Rxa2 36. Rc7+ Kf8 37. Rb7 Rb2 38. Rxb5 Kf7 39. Rb7+ Kf8 40. b4 Kg8 41. b5 Kf8 42. b6 Kg8 43. Kg3 Kf8 44. Kf3 Kg8 45. h5 gxh5 46. g6 Kf8 47. Rf7+ Ke8 48. b7 h4 49. Rxg7 Kf8 50. Rc7 h3 51. Rc8+ Kg7 52. b8=Q Rxb8 53. Rxb8 h2 54. Kg2 1-0

[Event "FIDE World School-ch G-17 2025"]
[Site "Vrnjacka Banja"]
[Date "2025.03.21"]
[Round "2.6"]
[White "Kusakina, Uliana"]
[Black "Nauanova Zhaniya"]
[Result "1-0"]
[Annotator "NA RC"]
[ECO "C02"]
[WhiteElo "1855"]
[BlackElo "1905"]
[PlyCount "125"]
[EventDate "2025.03.19"]
[EventType "swiss"]
[EventCountry "SRB"]
[SourceTitle "playchess.com"]
[Source "ChessBase"]
[SourceQuality "1"]
[TimeControl "5400+30"]

1. e4 e6 2. d4 d5 3. e5 c5 4. c3 Nc6 5. Nf3 Qb6 6. Bd3 cxd4 7. O-O Bd7 8. Re1 Rc8 9. Nbd2 dxc3 10. bxc3 Nge7 11. c4 Na5 12. Ba3 dxc4 13. Ne4 Nf5 14. Bxf8 Rxf8 15. Bc2 Bc6 16. Ba4 Ke7 17. Bxc6 Nxc6 18. Rb1 Qc7 19. Qc1 Rfd8 20. Qa3+ Ke8 21. g4 Nfd4 22. Nd6+ Rxd6 23. exd6 Qd7 24. Red1 e5 25. Nxe5 Ne2+ 26. Kf1 Nxe5 27. Qe3 f6 28. Qxe2 Kf8 29. Qe4 b6 30. h3 Kg8 31. f4 Nd3 32. Qd5+ Kf8 33. f5 Rc6 34. Rd2 Qxd6 35. Qe4 Rc8 36. Re1 Qc7 37. Re3 Ne5 38. g5 c3 39. Rc2 Qc4+ 40. Qxc4 Nxc4 41. Rexc3 b5 42. gxf6 gxf6 43. Kf2 Rc5 44. Rf3 Rd5 45. Kg2 Re5 46. Rcf2 Ke7 47. Kg3 Nd6 48. Kg4 Nc4 49. Kh5 Re4 50. Rf4 Re3 51. h4 Ne5 52. Rc2 Nc4 53. Kh6 Kd6 54. Kxh7 Ke5 55. Rff2 Rh3 56. Rh2 Rg3 57. Rcg2 Rd3 58. Kg6 Rf3 59. Re2+ Kd4 60. Kxf6 Ne3 61. Rxe3 Kxe3 62. h5 Ke4 63. Rh4+ 1-0